 Dungeon Crawl Stone Soup version 0.22-a0-402-ga933591 (webtiles) character file.

3050 CanOfBees the Demonic Disaster (level 9, 0/72 HPs)
             Began as a Demonspawn Gladiator on May 7, 2018.
             Was a Believer of Qazlal.
             Succumbed to a kobold's poison
             ... on level 7 of the Dungeon.
             The game lasted 00:18:55 (10131 turns).

CanOfBees the Demonic Disaster (DsGl)              Turns: 10131, Time: 00:18:56

Health: 0/72       AC: 12    Str: 19 (22) XL:     9   Next: 57%
Magic:  15/15      EV:  8    Int: 13 (14) God:    Qazlal [**....]
Gold:   408        SH:  2    Dex: 11 (14) Spells: 8/8 levels left

rFire    . . .     SeeInvis .   a - +0 long sword
rCold    . . .     Gourm    .   (no shield)
rNeg     . . .     Faith    .   w - +1 chain mail
rPois    .         Spirit   .   D - +2 hat
rElec    .         Reflect  .   (no cloak)
rCorr    +         Harm     .   (no gloves)
MR       .....                  (no boots)
Stlth    ..........             (no amulet)
HPRegen  0.22/turn              B - +3 ring of intelligence
MPRegen  0.14/turn              z - ring of resist corrosion

@: mighty, lethally poisoned (0 -> -1), berserk cooldown, very slightly
contaminated, invisible
A: claws 1, horns 1, talons 1, demonic guardian 1, powered by pain 1
a: Upheaval, Renounce Religion


You were on level 7 of the Dungeon.
You worshipped Qazlal.
Qazlal was pleased with you.
You were not hungry.

You visited 1 branch of the dungeon, and saw 8 of its levels.

You collected 408 gold pieces.

Inventory:

Hand Weapons
 a - a +0 long sword (weapon)
 k - a +2 dire flail of venom
Missiles
 H - 2 tomahawks (quivered)
Armour
 q - a +1 scale mail
 v - a +2 ring mail of magic resistance
 w - a +1 chain mail (worn)
 D - a +2 hat (worn)
Magical Staves
 j - a cursed staff of earth
Jewellery
 i - an uncursed amulet of the gourmand
 t - an uncursed amulet of guardian spirit
 x - an uncursed ring of ice
 z - a ring of resist corrosion (right claw)
 B - a +3 ring of intelligence (left claw)
Wands
 g - a wand of flame (23)
Scrolls
 c - 2 scrolls of teleportation
 d - a scroll of fog {unknown}
 e - a scroll of amnesia
 h - 7 scrolls of remove curse
 n - 2 scrolls of immolation
 r - a scroll of blinking {unknown}
 s - 2 scrolls of identify
 u - a scroll of noise
 y - a scroll of holy word
Potions
 l - 3 potions of agility
Comestibles
 f - 11 rations
 F - 3 chunks of flesh


   Skills:
 + Level 7.1 Fighting
 + Level 6.9 Long Blades
 - Level 2.0 Throwing
 - Level 3.0 Armour
 + Level 3.8 Dodging
 - Level 3.5 Unarmed Combat
 + Level 8.5 Invocations


You had 8 spell levels left.
You didn't know any spells.

Dungeon Overview and Level Annotations

Branches:
Dungeon (8/15)             Temple (0/1) D:6
   Lair: D:8-11

Altars:
Cheibriados
Gozag
Kikubaaqudgha
Okawaru
Qazlal
Sif Muna
Uskayaw
Xom

Annotations:
D:3 Alchy's ghost, amateur FoFi


Innate Abilities, Weirdness & Mutations

You have sharp fingernails.
You have a pair of small horns on your head.
You have sharp toenails.
A weak demonic guardian rushes to your aid.
You sometimes gain a little power by taking damage.


Message History

There is a lethal amount of poison in your body!
There is a lethal amount of poison in your body!
There is a lethal amount of poison in your body!
It was a potion of cancellation.
Your magical effects are unravelling.
You feel magically purged.
You feel yourself speed up.
You feel a little less clever now.
* * * LOW HITPOINT WARNING * * *
You feel sick.
It was a potion of might.
You feel very mighty all of a sudden.
It was a potion of invisibility.
You fade into invisibility!
You are very lightly contaminated with residual magic.
* * * LOW HITPOINT WARNING * * *
You feel sick.
There is a lethal amount of poison in your body!
* * * LOW HITPOINT WARNING * * *
You feel sick.
You die...

..## ###...## #.......#
..# ##...# #.......# .##
#.#.## ##.....## .#
#....# ##.....## ##
#######.#.###.......# #
#.....#.....#.......# #
#.....####..........#
####.....####.#........#
.........)>†..5.@......#
####.....#####..#......#
.# #.....# ##.#......#
.###.....# #.#.<....#
..##.....# #.#......#
#......### #.########
#......########.#
....(...........#
.......##########


You could see a friendly white imp.

Vanquished Creatures
  Psyche (D:8)
  2 hippogriffs
  A hungry ghost (D:7)
  Edmund (D:4)
  A water moccasin (D:6)
  A black bear (D:7)
  An ice beast (D:6)
  An orc warrior (D:7)
  A phantom (D:5)
  6 ogres
  2 centaurs
  2 big kobolds
  2 bullfrogs
  A wyvern zombie (D:7)
  A scorpion (D:4)
  3 electric eels (D:8)
  A crimson imp (D:7)
  2 orc priests (D:7)
  3 hounds
  An iguana (D:7)
  A jelly (D:7)
  3 orc wizards
  2 worker ants
  A worker ant zombie (D:5)
  4 adders
  An ooze (D:2)
  2 adder skeletons
  An adder zombie (D:5)
  3 worms
  3 dart slugs
  4 leopard geckos
  23 orcs
  6 giant cockroaches
  3 goblins
  7 hobgoblins
  9 jackals
  7 quokkas
  A ball python (D:4)
  7 bats
  5 frilled lizards
  15 kobolds
  A leopard gecko zombie (D:5)
  2 rats
145 creatures vanquished.

Vanquished Creatures (collateral kills)
  An ice beast (D:6)
  An orc warrior (D:6)
  An ogre (D:4)
  A scorpion (D:6)
  A hound (D:6)
  A worker ant (D:4)
  2 leopard geckos
  A kobold (D:8)
9 creatures vanquished.

Vanquished Creatures (others)
  An iguana (D:4)
  A worker ant (D:4)
  An adder (D:4)
  A worm (D:4)
  An orc (D:4)
  A jackal skeleton (D:4)
  A kobold (D:6)
7 creatures vanquished.

Grand Total: 161 creatures vanquished

Notes
Turn   | Place    | Note
-------+----------+-------------------------------------------
     0 | D:1      | CanOfBees the Demonspawn Gladiator began the quest for the Orb.
     0 | D:1      | Reached XP level 1. HP: 16/16 MP: 1/1
   200 | D:1      | Gained mutation: You have a pair of small horns on your head. [demonic ancestry]
   200 | D:1      | Reached XP level 2. HP: 19/22 MP: 2/2
   596 | D:1      | Gained mutation: A weak demonic guardian rushes to your aid. [demonic ancestry]
   596 | D:1      | Reached XP level 3. HP: 24/28 MP: 3/3
   952 | D:2      | Found a hide-covered altar of Uskayaw.
   954 | D:2      | Noticed an enchanted hand axe
   955 | D:2      | Noticed a dagger
  1344 | D:2      | Found a deep blue altar of Sif Muna.
  1807 | D:3      | Gained mutation: You have sharp fingernails. [demonic ancestry]
  1807 | D:3      | Reached XP level 4. HP: 33/35 MP: 4/4
  1827 | D:3      | Noticed Alchy's ghost (amateur FoFi)
  3203 | D:3      | Reached skill level 1 in Armour
  3211 | D:3      | Reached XP level 5. HP: 41/41 MP: 5/5
  3911 | D:4      | Noticed an ogre
  3920 | D:4      | Killed an ogre
  4060 | D:4      | Found a stormy altar of Qazlal.
  4075 | D:4      | Became a worshipper of Qazlal Stormbringer
  4267 | D:4      | Noticed an ogre
  4278 | D:4      | Killed an ogre
  4278 | D:4      | Reached skill level 1 in Invocations
  4278 | D:4      | Gained mutation: You have sharp toenails. [demonic ancestry]
  4278 | D:4      | Reached XP level 6. HP: 48/48 MP: 6/6
  4711 | D:4      | Found a shimmering altar of Xom.
  4884 | D:4      | Reached skill level 2 in Invocations
  4885 | D:4      | Reached XP level 7. HP: 46/55 MP: 8/8
  4933 | D:4      | Noticed Edmund
  4961 | D:4      | Killed Edmund
  5433 | D:5      | Entered Level 5 of the Dungeon
  5480 | D:5      | Reached skill level 3 in Invocations
  5491 | D:5      | Reached skill level 5 in Long Blades
  5680 | D:5      | Reached skill level 5 in Fighting
  6040 | D:5      | Reached * piety under Qazlal
  6061 | D:5      | Reached skill level 4 in Invocations
  6118 | D:5      | Found an opulent altar of Gozag.
  6120 | D:5      | Found an ancient bone altar of Kikubaaqudgha.
  6473 | D:6      | Reached skill level 1 in Unarmed Combat
  6473 | D:6      | Reached XP level 8. HP: 54/62 MP: 11/11
  6478 | D:6      | Reached skill level 5 in Invocations
  7097 | D:6      | Found an iron altar of Okawaru.
  7245 | D:6      | Reached skill level 6 in Invocations
  7271 | D:6      | Found a staircase to the Ecumenical Temple.
  7377 | D:7      | Noticed a hippogriff
  7709 | D:7      | Found a snail-covered altar of Cheibriados.
  7934 | D:6      | Reached skill level 7 in Invocations
  8271 | D:7      | Killed a hippogriff
  8271 | D:7      | Gained mutation: You sometimes gain a little power by taking damage. [demonic ancestry]
  8271 | D:7      | Reached XP level 9. HP: 71/71 MP: 14/14
  8402 | D:7      | Reached ** piety under Qazlal
  9565 | D:8      | Noticed Psyche
  9578 | D:8      | Killed Psyche
  9578 | D:8      | Reached skill level 8 in Invocations
  9633 | D:8      | Found a transporter.
  9660 | D:8      | Found a transporter.
  9678 | D:8      | Noticed a two-headed ogre
 10117 | D:7      | HP: 5/108 [black bear (3)]
 10121 | D:7      | HP: 2/72 [poisoned by a kobold]
 10127 | D:7      | HP: 1/72 [poisoned by a kobold]
 10131 | D:7      | Succumbed to a kobold's poison

Vault maps used:
D:1:      dpeg_arrival_chase
D:2:      dancing_weapons_uskayaw, lemuel_doored_altar
D:3:      first_ration, kennysheep_generic_room_14
D:4:      grunt_qazlal_clouds, xom_confusion_cloud, uniq_edmund
D:5:      nicolae_overflow_hidden_temple, minmay_tree_intersection,
          grunt_decor_one_mirror
D:6:      okawaru_metal_pillars_1_2, lemuel_temple_firewalk_a
D:7:      kennysheep_mini_moat
D:8:      gammafunk_steamed_eel, serial_shops, shop, uniq_gastronok, uniq_psyche

Skill      XL: |  1  2  3  4  5  6  7  8  9 |
---------------+----------------------------+-----
Throwing       | 2 |  2.0
Long Blades    | 3 4 5 6 |  6.9
Dodging        | 3 |  3.8
Fighting       | 3 4 5 6 7 |  7.1
Armour         | 1 2 3 |  3.0
Invocations    | 1 2 4 7 8 |  8.5
Unarmed Combat | 1 3 |  3.5

Action                   |  1- 3 |  4- 6 |  7- 9 || total
-------------------------+-------+-------+-------++-------
Melee: Long sword        |   100 |   117 |   230 ||   447
       Headbutt          |    14 |    30 |    54 ||    98
       Kick              |       |    11 |    85 ||    96
       Dire flail        |       |       |     1 ||     1
       Punch             |       |       |     3 ||     3
Throw: Throwing net      |       |     3 |     3 ||     6
       Tomahawk          |       |       |    10 ||    10
Evoke: Wand              |       |       |     6 ||     6
  Use: Scroll            |       |     5 |     9 ||    14
       Potion            |       |     1 |    12 ||    13
 Stab: Distracted        |       |     1 |     2 ||     3
       Held in net/web   |       |     1 |       ||     1
  Eat: Chunk             |     3 |     6 |     6 ||    15
       Ration            |       |     1 |     4 ||     5
Armor: Ring mail         |    32 |       |    82 ||   114
       Leather armour    |     2 |       |       ||     2
       Scale mail        |    14 |    47 |     3 ||    64
       Chain mail        |       |       |    54 ||    54
Dodge: Dodged            |    74 |    63 |   180 ||   317
Block: Other             |       |       |    22 ||    22
       Rpst.: Long sword |    25 |    22 |    48 ||    95

Table legend:
 A = Spawn XP
 B = Non-spawn XP
 C = Spawn XP percentage of total XP
 D = Spawn monster count
 E = Non-spawn monster count
 F = Spawn count percentage of total count
 G = Total turns spent on level
                    A         B        C        D         E        F      G
               +---------+---------+-------+---------+---------+-------+---------
         Total |       0 |    4358 |   0.0 |       0 |     154 |   0.0 | 10131
               +---------+---------+-------+---------+---------+-------+---------
           D:1 |       0 |      41 |   0.0 |       0 |      20 |   0.0 |   902
           D:2 |       0 |      50 |   0.0 |       0 |      18 |   0.0 |  1605
           D:3 |       0 |     111 |   0.0 |       0 |      24 |   0.0 |  1378
           D:4 |       0 |     655 |   0.0 |       0 |      20 |   0.0 |  1598
           D:5 |       0 |     420 |   0.0 |       0 |      11 |   0.0 |  1301
           D:6 |       0 |     926 |   0.0 |       0 |      23 |   0.0 |  1174
           D:7 |       0 |    1210 |   0.0 |       0 |      25 |   0.0 |  1394
           D:8 |       0 |     945 |   0.0 |       0 |      13 |   0.0 |   779
               +---------+---------+-------+---------+---------+-------+---------
